 Dungeon Crawl Stone Soup version 0.29-a0-495-g17b79114eb (webtiles) character file.

Game seed: 13426647751086332929

661 xian the Slasher (level 7, -2/54 HPs)
             Began as a Human Fighter on May 28, 2022.
             Was an Initiate of Ru.
             Killed by divine providence
             ... invoked by an orc priest
              (11 damage)
             ... on level 5 of the Dungeon.
             The game lasted 00:09:32 (4126 turns).

xian the Slasher (Human Fighter)                    Turns: 4126, Time: 00:09:32

Health: -2/54      AC:  9    Str: 25    XL:     7   Next: 86%
Magic:  7/7        EV: 10    Int:  8    God:    Ru [......]
Gold:   149        SH:  4    Dex: 12    Spells: 6/6 levels left

rFire   . . .      SeeInvis .   r - +2 hand axe (elec)
rCold   . . .      Faith    .   c - +0 buckler
rNeg    + . .      Spirit   .   i - +1 scale mail of Hepliaklqana's Respect {Will+}
rPois   .          Reflect  .   (no helmet)
rElec   .          Harm     .   (no cloak)
rCorr   .          Rampage  .   b - +0 pair of gloves
Will    +....                   (no boots)
Stlth   ..........              (no amulet)
HPRegen 0.18/turn               n - ring of positive energy
MPRegen 0.10/turn               t - +6 ring of strength

@: no status effects
A: no striking features
a: Renounce Religion, Sacrifice Arcana, Sacrifice Essence, Sacrifice an Eye,
Reject Sacrifices


You were on level 5 of the Dungeon.
You worshipped Ru.
Ru was noncommittal.
You visited 1 branch of the dungeon, and saw 5 of its levels.

You collected 149 gold pieces.

Inventory:

Hand Weapons
 r - a +2 hand axe of electrocution (weapon)
Missiles
 f - 3 poisoned darts (quivered)
 v - a throwing net
Armour
 b - a +0 pair of gloves (worn)
 c - a +0 buckler (worn)
 i - the +1 scale mail of Hepliaklqana's Respect (worn) {Will+}
   (You found it on level 2 of the Dungeon)

   Will:      It increases your willpower.
 s - a +3 leather armour
Jewellery
 n - a ring of positive energy (left hand)
 t - a +6 ring of strength (right hand)
Wands
 a - a wand of paralysis (7)
Scrolls
 d - 4 scrolls of identify {unknown}
 e - 2 scrolls of enchant weapon {unknown}
 h - 3 scrolls of teleportation {unknown}
 j - 2 scrolls of poison {unknown}
 m - a scroll of magic mapping {unknown}
 o - a scroll of brand weapon {unknown}
 q - a scroll of blinking {unknown}
 u - a scroll of amnesia {unknown}
 w - 3 scrolls of noise {unknown}
Potions
 g - 2 potions of heal wounds {unknown}
 k - 3 potions of mutation {unknown}
 l - 2 potions of curing {unknown}
 p - a potion of lignification {unknown}


   Skills:
 + Level 4.3 Fighting
 + Level 5.0 Long Blades
 + Level 2.2 Axes
 + Level 0.5 Throwing
 + Level 4.4 Armour
 + Level 2.2 Dodging
 + Level 0.2 Stealth
 + Level 3.8 Shields


You had 6 spell levels left.
You didn't know any spells.
Your spell library was empty.

Dungeon Overview and Level Annotations

Branches:
Dungeon (5/15)
 Temple: D:4-7

Altars:
Ru

Shops:
D:3 [


Message History

The necrophage hits you but does no damage.
The orc hits you with a +0 club.
You hit the orc. Lightning courses through the orc!
You kill the orc!
You hit the orc. You completely miss the necrophage.
The orc hits you with a +0 mace.
The necrophage hits you but does no damage.
Your Axes skill increases to level 2!
You hit the necrophage.
Lightning courses through the necrophage!
The necrophage is heavily damaged.
You hit the orc. The orc hits you but does no damage. The necrophage hits you.
You hit the necrophage.
The necrophage is heavily damaged.
You barely miss the orc. The orc barely misses you. The necrophage hits you.
You hit the necrophage.
Lightning courses through the necrophage!!
You destroy the necrophage!
You hit the orc.
You kill the orc!
An orc priest comes into view. It is wielding a +1 hand axe of venom.
The orc priest shouts!
You see here a +0 mace.
Items here: )) [ †.
The orc priest invokes the aid of Beogh against you.
Pain shoots through your body!
Items here: )) [ †.
The orc priest invokes the aid of Beogh against you.
Beogh smites you!
* * * LOW HITPOINT WARNING * * *
The orc priest drinks a potion.
The orc priest seems to grow stronger.
You hit the orc priest.
The orc priest is moderately wounded.
The orc priest begins to cast a cantrip, but forgets the words!
You hit the orc priest but do no damage.
Lightning courses through the orc priest!
The orc priest is almost dead.
The orc priest invokes the aid of Beogh against you.
Beogh smites you!
You die...

#. #.......# .(
#.#...#.#### #... ####
.......#..###. #..... ##
......##.##.# #.##.
..#......#.##.# #....
...#........## ##.##. .##
##.#.#...#.#.###.###.
...(.##.).@o>..#.##........
#....)...(.(.(##.#######
#.##.#####.#.###.# # #.#
#.......# #.# ###.##### ...
#.# ... #.# .... >.. .....
#.#


You could see an orc priest (strong).

Vanquished Creatures
  An orc warrior (D:5)
  3 scorpions
  2 necrophages
  A hound (D:5)
  An orc priest (D:4)
  A jelly (D:4)
  2 iguanas
  An orc wizard (D:4)
  3 adders
  A worm (D:3)
  A dart slug (D:4)
  13 orcs
  7 ball pythons
  3 endoplasms
  A giant cockroach (D:4)
  9 goblins
  8 hobgoblins
  5 kobolds
  2 quokkas
  3 bats
  3 frilled lizards
  4 rats
75 creatures vanquished.

Notes
Turn   | Place    | Note
-------+----------+-------------------------------------------
     0 | D:1      | xian the Human Fighter began the quest for the Orb.
     0 | D:1      | Reached XP level 1. HP: 18/18 MP: 1/1
   138 | D:1      | Reached XP level 2. HP: 24/24 MP: 2/2
   565 | D:1      | Found a faded altar of an unknown god.
   702 | D:1      | Reached XP level 3. HP: 29/29 MP: 3/3
  1428 | D:2      | Identified the +1 scale mail of Hepliaklqana's Respect
                  | {Will+}
  1707 | D:2      | Noticed a necrophage
  1716 | D:2      | Killed a necrophage
  1717 | D:2      | Reached skill level 3 in Long Blades
  1717 | D:2      | Reached XP level 4. HP: 29/35 MP: 4/4
  1865 | D:2      | Found a sacrificial altar of Ru.
  1874 | D:2      | Became a worshipper of Ru the Awakened
  2218 | D:3      | Reached XP level 5. HP: 39/41 MP: 5/5
  2512 | D:3      | Found Pibypor's Armour Shoppe.
  2808 | D:4      | Reached skill level 4 in Long Blades
  2992 | D:4      | Reached XP level 6. HP: 46/48 MP: 6/6
  3028 | D:4      | Reached skill level 1 in Dodging
  3296 | D:4      | Paralysed by an orc for 3 turns
  3660 | D:4      | Reached XP level 7. HP: 34/54 MP: 7/7
  3818 | D:5      | Entered Level 5 of the Dungeon
  3936 | D:5      | Reached skill level 5 in Long Blades
  3936 | D:5      | Reached skill level 1 in Axes
  4126 | D:5      | Killed from afar by an orc priest

Illustrated notes

Levels and vault maps discovered:
D:1:      saegor_arrival_simple_b, layout_basic,
          shapermc_ecumenical_altar_mp_highgroup, minivault_4, minmay_tromino_i4
D:2:      layout_basic, basic_altar, nrook_uturn
D:3:      layout_rooms, serial_shops, nicolae_shop_behind_doors,
          chequers_decorated_corner
D:4:      layout_rooms, minivault_24, kennysheep_generic_room_7
D:5:      layout_loops_cross, temple_hall, minmay_misc_feat_roman

Skill      XL: |  1  2  3  4  5  6  7 |
---------------+----------------------+-----
Long Blades    | 3 4 5 |  5.0
Dodging        | 1 2 |  2.2
Fighting       | 4 |  4.3
Armour         | 4 |  4.4
Axes           | 2 |  2.2
Throwing       | |  0.5
Stealth        | |  0.2
Shields        | |  3.8

Action                   |  1- 3 |  4- 6 |  7- 9 || total
-------------------------+-------+-------+-------++-------
Melee: Long sword        |    66 |   113 |       ||   179
       Hand axe          |       |    27 |    38 ||    65
Throw: Dart              |       |       |     8 ||     8
  Use: Potion            |     1 |       |       ||     1
Armor: Scale mail        |    32 |    90 |    15 ||   137
Dodge: Dodged            |    28 |    88 |    22 ||   138
Block: Buckler           |    13 |    33 |     6 ||    52

Table legend: (Time is in decaauts)
 A = Elapsed time spent in this place.
 B = Non-inter-level travel time spent in this place.
 C = Inter-level travel time spent in this place.
 D = Time resting spent in this place.
 E = Time spent auto-exploring this place.
 F = Levels seen in this place.
 G = Mean time per level.
                   A        B        C        D        E       F      G
               +--------+--------+--------+--------+--------+-----+--------+
         Total |   4193 |   4129 |     64 |    169 |   3002 |   5 |  838.6 |
       Dungeon |   4193 |   4129 |     64 |    169 |   3002 |   5 |  838.6 |
               +--------+--------+--------+--------+--------+-----+--------+

Top non-repeatable levels by time:
     D:1: 1205 daAuts
     D:4: 1051 daAuts
     D:2: 910 daAuts
     D:3: 708 daAuts
     D:5: 317 daAuts
